 Dungeon Crawl Stone Soup version 0.32-a0-791-gfc315c9ecd (webtiles) character file.

Game seed: 12218589778577212174

57 wilfster70 the Cudgeller (level 4, -1/29 HPs)
             Began as a Gargoyle Berserker on Mar 20, 2024.
             Was a Believer of Trog.
             Incinerated by a bombardier beetle (6 damage)
             ... with a burning spray
             ... on level 3 of the Dungeon.
             The game lasted 00:04:12 (1696 turns).

wilfster70 the Cudgeller (Gargoyle Berserker)       Turns: 1696, Time: 00:04:12

Health: -1/29      AC:  9    Str: 23    XL:     4   Next: 0%
Magic:  4/4        EV: 10    Int:  7    God:    Trog [**....]
Gold:   37         SH:  0    Dex:  9    Spells: 3/3 levels left

rFire   . . .        a - +0 mace
rCold   . . .        (no shield)
rNeg    + . .        h - +0 ring mail
rPois   ∞            (no helmet)
rElec   +            (no cloak)
rCorr   .            (no gloves)
SInv    .            (no boots)
Will    .....        (no amulet) Stlth
                     f - ring of flight
HPRegen 0.24/turn    (no ring)
MPRegen 0.09/turn

%: no passive effects
@: on fire, flying, glowing
A: sickness immunity, AC +3, negative energy resistance 1, electricity
resistance, torment resistance 1, petrification resistance
a: Renounce Religion, Berserk, Trog's Hand


You were on level 3 of the Dungeon.
You worshipped Trog.
Trog was pleased with you.
You visited 1 branch of the dungeon, and saw 3 of its levels.

You collected 37 gold pieces.

Inventory:

Hand Weapons
 a - a +0 mace (weapon)
Armour
 h - a +0 ring mail (worn)
Jewellery
 f - a ring of flight (left hand)
Scrolls
 c - a scroll of revelation
 e - a scroll of fear
 g - a scroll of poison {unknown}
 r - a scroll of identify
Potions
 b - a potion of degeneration {unknown}
 d - a potion of heal wounds {unknown}


   Skills:
 + Level 4.0 Fighting
 * Level 4.2 Maces & Flails
 - Level 2.1 Armour
 - Level 1.5 Dodging


You had 3 spell levels left.
You didn't know any spells.
Your spell library was empty.

Dungeon Overview and Level Annotations

Branches:
Dungeon (3/15)

Altars:
Okawaru
Trog

Shops:
D:1 =


Innate Abilities, Weirdness & Mutations

You are immune to sickness and miasma.
Your stone body is resilient. (AC +3)
You are immune to poison.
You resist negative energy. (rN+)
You are resistant to electric shocks. (rElec)
You are resistant to unholy torment.
You are immune to petrification.


Message History

Trog accepts your kill.
You have reached level 4!
You feel stronger.
You see here a rat corpse.
Found a stone staircase leading down.
Found 7 stones.
You see here 7 stones.
Found a spear.
A bombardier beetle comes into view.
Found a hand axe and a mace.
Found an iron altar of Okawaru.
You hit the bombardier beetle but do no damage.
The bombardier beetle barely misses you.
You hit the bombardier beetle.
The bombardier beetle is lightly wounded.
The bombardier beetle bites you but does no damage.
You hit the bombardier beetle but do no damage.
The bombardier beetle is lightly wounded.
The bombardier beetle sprays incendiary fluid at you.
The burning spray hits you.
You are covered in liquid fire!
You hit the bombardier beetle.
The bombardier beetle is moderately wounded.
The liquid fire burns you!
You hit the bombardier beetle but do no damage.
The bombardier beetle is moderately wounded.
The liquid fire burns you!
The bombardier beetle sprays incendiary fluid at you.
The burning spray misses you.
You hit the bombardier beetle.
The bombardier beetle is moderately wounded.
The liquid fire burns you!
The bombardier beetle bites you but does no damage.
You sock the bombardier beetle!
The bombardier beetle is severely wounded.
The liquid fire burns you!
* * * LOW HITPOINT WARNING * * *
You hit the bombardier beetle but do no damage.
The bombardier beetle is severely wounded.
The liquid fire burns you!
You die...

######### .......#
#B..#.### ...###@.....#
...........#.#
..#.).).#..#.#
#.._..##.#.#
#.)...#..#.##########
.....................#
#...###....##.#######.#
#... #........# #(#
.......####..# #.#


You could see a bombardier beetle.

Vanquished Creatures
  An adder (D:3)
  2 dart slugs (D:2)
  2 ribbon worms (D:2)
  An orc (D:3)
  6 bats
  3 endoplasms
  4 goblins
  5 hobgoblins
  4 jackals (D:3)
  A quokka (D:1)
  A ball python (D:2)
  A frilled lizard (D:2)
  A kobold (D:2)
  2 rats
34 creatures vanquished.

Notes
Turn   | Place    | Note
-------+----------+-------------------------------------------
     0 | D:1      | wilfster70 the Gargoyle Berserker began the quest for the
                  | Orb.
     0 | D:1      | Reached XP level 1. HP: 14/14 MP: 1/1
    17 | D:1      | Found Oxer's Jewellery Shoppe.
   500 | D:2      | Reached XP level 2. HP: 19/19 MP: 2/2
   912 | D:2      | Reached XP level 3. HP: 24/24 MP: 3/3
  1151 | D:3      | Reached ** piety under Trog
  1155 | D:3      | Found a bloodstained altar of Trog.
  1554 | D:3      | Found a faded altar of an unknown god.
  1566 | D:3      | Reached XP level 4. HP: 29/29 MP: 4/4
  1687 | D:3      | Found an iron altar of Okawaru.
  1696 | D:3      | Incinerated by a bombardier beetle

Illustrated notes

Levels and vault maps discovered:
D:1:      minmay_arrival_glassed_features, layout_rooms, serial_shops, shop,
          nrook_campfire, minmay_misc_feat_enclosed
D:2:      layout_basic, nicolae_figureground_sparkle
D:3:      layout_loops_ring, mainiacjoe_overflow_alcove_2,
          okawaru_ov_weapons_minmay, gammafunk_temple_overflow_statue,
          shapermc_ecumenical_altar_gd

Skill      XL: |  1  2  3 |
---------------+----------+-----
Maces & Flails | 4 |  4.2
Fighting       | 4 |  4.0
Armour         | |  2.1
Dodging        | |  1.5

Action                     |  1- 3 |  4- 6 || total
---------------------------+-------+-------++-------
  Melee: Mace              |   112 |     8 ||   120
    Use: Scroll            |     3 |       ||     3
 Armour: Animal skin       |    14 |       ||    14
         Leather armour    |    65 |       ||    65
         Ring mail         |     5 |     2 ||     7
  Dodge: Dodged            |    66 |     2 ||    68

Table legend: (Time is in decaauts)
 A = Elapsed time spent in this place.
 B = Non-inter-level travel time spent in this place.
 C = Inter-level travel time spent in this place.
 D = Time resting spent in this place.
 E = Time spent auto-exploring this place.
 F = Levels seen in this place.
 G = Mean time per level.
                   A        B        C        D        E       F      G
               +--------+--------+--------+--------+--------+-----+--------+
         Total |   1722 |   1537 |    185 |    143 |    748 |   3 |  574.0 |
       Dungeon |   1722 |   1537 |    185 |    143 |    748 |   3 |  574.0 |
               +--------+--------+--------+--------+--------+-----+--------+

Top non-repeatable levels by time:
     D:2: 782 daAuts
     D:1: 485 daAuts
     D:3: 454 daAuts
